 Dungeon Crawl Stone Soup version 0.22-a0-108-g89a73045dd (webtiles) character file.

81 Pixllover the Chopper (level 4, 0/60 HPs)
             Began as a Draconian Berserker on Jan 12, 2018.
             Was a Believer of Trog.
             Killed from afar by an orc wizard (4 damage)
             ... with a puff of frost
             ... on level 3 of the Dungeon on Jan 26, 2018.
             The game lasted 00:03:25 (1782 turns).

Pixllover the Chopper (Draconian Berserker)         Turns: 1782, Time: 00:03:26

Health: 0/60       AC:  6    Str: 25    XL:     4   Next: 20%
Magic:  4/4        EV: 13    Int:  8    God:    Trog [**....]
Gold:   123        SH:  0    Dex: 10    Spells: 3/3 levels left

rFire    . . .     SeeInvis .   a - +0 hand axe
rCold    . . .     Gourm    .   (no shield)
rNeg     . . .     Faith    .   (armour unavailable)
rPois    .         Spirit   .   (helmet restricted)
rElec    .         Reflect  .   (no cloak)
rCorr    .         Harm     .   g - +0 pair of gloves
MR       .....                  (no boots)
Stlth    ..........             (no amulet)
HPRegen  0.20/turn              (no ring)
MPRegen  0.09/turn              (no ring)

@: berserking, very quick
A: unfitting armour, cold-blooded, AC +5
a: Berserk, Trog's Hand, Burn Spellbooks, Renounce Religion


You were on level 3 of the Dungeon.
You worshipped Trog.
Trog was pleased with you.
You were hungry.

You visited 1 branch of the dungeon, and saw 3 of its levels.

You collected 123 gold pieces.

Inventory:

Hand Weapons
 a - a +0 hand axe (weapon)
Missiles
 c - 6 tomahawks of returning (quivered)
 n - 9 tomahawks
 o - 5 exploding tomahawks
Armour
 g - a +0 pair of gloves (worn)
Scrolls
 k - 3 scrolls of identify {unknown}
 m - a scroll of blinking {unknown}
 p - a scroll of amnesia {unknown}
Potions
 d - a potion of degeneration {unknown}
 e - 3 potions of mutation {unknown}
 f - a potion of agility {unknown}
 h - a potion of flight {unknown}
 i - a potion of ambrosia {unknown}
 j - a potion of lignification {unknown}
Comestibles
 b - 3 rations


   Skills:
 + Level 3.9 Fighting
 + Level 3.9 Axes
 + Level 3.5 Dodging
 + Level 0.1 Stealth


You had 3 spell levels left.
You didn't know any spells.

Dungeon Overview and Level Annotations

Branches:
Dungeon (3/15)

Altars:
Ashenzari
Xom


Innate Abilities, Weirdness & Mutations

Your plain brown scales are hard. (AC +5)
You cannot fit into any form of body armour.
You are cold-blooded and may be slowed by cold attacks.


Message History

You completely miss the orc wizard.
The orc wizard curses loudly.
The orc wizard hits you with a dagger!
* * * LOW HITPOINT WARNING * * *
The orc wizard miscasts a cantrip.
You hit the orc wizard but do no damage.
The orc wizard barely misses you.
The orc wizard gestures at you while chanting.
The magic dart hits you!
* * * LOW HITPOINT WARNING * * *
You hit the orc wizard. You tail-slap the orc wizard.
The orc wizard is heavily wounded.
The orc wizard hits you with a dagger.
* * * LOW HITPOINT WARNING * * *
A red film seems to cover your vision as you go berserk!
You feel yourself moving faster!
You feel mighty!
You are feeling hungry.
The orc wizard gestures at you while chanting.
The puff of frost hits you!
You die... ############## #.†..........# #@##########.# #o# #.# oo#

#.# ...# #.#
##.## #.# #.
#######.#####
..
............#
..
.........<...
#.##.##.###.#


You could see an orc wizard and 2 orcs.

Vanquished Creatures
  An orc priest (D:3)
  An ooze (D:2)
  A dart slug (D:1)
  4 leopard geckos
  An orc (D:3)
  A bat (D:1)
  2 giant cockroaches
  2 goblins (D:1)
  5 hobgoblins
  9 jackals
  4 kobolds
  2 frilled lizards (D:1)
  5 rats
38 creatures vanquished.

Notes
Turn   | Place    | Note
-------+----------+-------------------------------------------
     0 | D:1      | Pixllover the Draconian Berserker began the quest for the Orb.
     0 | D:1      | Reached XP level 1. HP: 19/19 MP: 1/1
     0 | D:1      | Upgraded the game from 0.22-a0-72-g2b194f0b2f to 0.22-a0-82-g246a1cd83c
    77 | D:1      | Upgraded the game from 0.22-a0-82-g246a1cd83c to 0.22-a0-108-g89a73045dd
   122 | D:1      | Reached XP level 2. HP: 19/26 MP: 2/2
  1026 | D:1      | Reached XP level 3. HP: 33/33 MP: 3/3
  1233 | D:2      | Found a shimmering altar of Xom.
  1321 | D:2      | Reached ** piety under Trog
  1504 | D:2      | Found a shattered altar of Ashenzari.
  1777 | D:3      | Reached XP level 4. HP: 14/40 MP: 4/4
  1782 | D:3      | Killed from afar by an orc wizard

Vault maps used:
D:1:      sevenhm_arrival_forest_fort_small_3
D:2:      cheibrodos_helix_gallery, lemuel_round_altar, evilmike_ruin_ashenzari,
          minivault_26
D:3:      lemuel_round_altar, kennysheep_generic_room_2, uniq_sigmund

Skill      XL: |  1  2 |
---------------+-------+-----
Dodging        | 3 |  3.5
Fighting       | |  3.9
Axes           | |  3.9
Stealth        | |  0.1

Action                   |  1- 3 |  4- 6 || total
-------------------------+-------+-------++-------
Melee: Hand axe          |   109 |     4 ||   113
       Tailslap          |    16 |     1 ||    17
Invok: Berserk           |       |     1 ||     1
  Use: Scroll            |     2 |       ||     2
  Eat: Chunk             |     3 |       ||     3
Armor: Skin              |    29 |       ||    29
Dodge: Dodged            |    83 |     2 ||    85

Table legend:
 A = Spawn XP
 B = Non-spawn XP
 C = Spawn XP percentage of total XP
 D = Spawn monster count
 E = Non-spawn monster count
 F = Spawn count percentage of total count
 G = Total turns spent on level
                    A         B        C        D         E        F      G
               +---------+---------+-------+---------+---------+-------+---------
         Total |       0 |     117 |   0.0 |       0 |      38 |   0.0 |  1782
               +---------+---------+-------+---------+---------+-------+---------
           D:1 |       0 |      42 |   0.0 |       0 |      22 |   0.0 |  1073
           D:2 |       0 |      25 |   0.0 |       0 |      11 |   0.0 |   652
           D:3 |       0 |      50 |   0.0 |       0 |       5 |   0.0 |    57
               +---------+---------+-------+---------+---------+-------+---------
